 Dungeon Crawl Stone Soup version 0.27.1-34-g3ba077fa99 (webtiles) character file.

Game seed: 778237874683291992

171 comborobin the Ruffian (level 5, -1/50 HPs)
             Began as a Troll Delver on Jan 8, 2022.
             Was an Initiate of Zin.
             Slain by a water moccasin (2 damage)
             ... on level 4 of the Dungeon.
             The game lasted 00:01:34 (1045 turns).

comborobin the Ruffian (Troll Delver)               Turns: 1045, Time: 00:01:35

Health: -1/50      AC:  5    Str: 21    XL:     5   Next: 26%
Magic:  4/4        EV:  9    Int:  6    God:    Zin [......]
Gold:   40         SH:  0    Dex: 11    Spells: 4/4 levels left

rFire    + . .     SeeInvis .     - Unarmed
rCold    . . .     Faith    .   (no shield)
rNeg     . . .     Spirit   .   a - +0 robe
rPois    .         Reflect  .   (helmet restricted)
rElec    .         Harm     .   h - +0 cloak
rCorr    .         Rampage  .   (gloves unavailable)
Will     .....                  (boots unavailable)
Stlth    ++........             (no amulet)
HPRegen  1.16/turn              j - ring of flight
MPRegen  0.09/turn              l - ring of protection from fire

@: lethally poisoned (-1 -> -3), flying, hasted, very quick
A: large, unfitting armour, claws 3, regeneration 1, shaggy fur 1, tough skin 1
a: Renounce Religion, Donate Gold


You were on level 4 of the Dungeon.
You worshipped Zin.
Zin was noncommittal.
You visited 1 branch of the dungeon, and saw 3 of its levels.

You collected 44 gold pieces.
You donated 4 gold pieces to Zin.

Inventory:

Hand Weapons
 n - the +7 mace of Rakes Moa {vorpal, rPois rN+ Str+2}
   (You found it on level 4 of the Dungeon)

   It inflicts extra damage upon your enemies.
   Str:       It affects your strength (+2).
   rPois:     It protects you from poison.
   rN:        It protects you from negative energy.
Armour
 a - a +0 robe (worn)
 h - a +0 cloak (worn)
Jewellery
 j - a ring of flight (left claw)
 l - a ring of protection from fire (right claw)
Wands
 f - a wand of digging (3)
Scrolls
 b - a scroll of fog
 c - a scroll of holy word {unknown}
 d - a scroll of fear
 g - a scroll of magic mapping
 m - a scroll of enchant weapon {unknown}
Potions
 e - 2 potions of haste
 i - a potion of might {unknown}
 k - a potion of invisibility {unknown}


   Skills:
 - Level 2.4 Fighting
 - Level 1.5 Dodging
 - Level 2.7 Stealth
 + Level 5.5 Unarmed Combat


You had 4 spell levels left.
You didn't know any spells.
Your spell library was empty.

Dungeon Overview and Level Annotations

Branches:
Dungeon (6/15)
 Temple: D:4-7

Altars:
Kikubaaqudgha
Makhleb
Zin

Annotations:
D:4 Crazy Yiuf


Innate Abilities, Weirdness & Mutations

You are too large for most types of armour.
You have claws for hands.
Your natural rate of healing is unusually fast.
You are covered in fur. (AC +1)
You have tough skin. (AC +1)


Message History

Items here: )) [ †.
You scratch the orc.
The orc is heavily wounded.
You feel very sick.
You claw the orc!
You kill the orc!
You feel sick.
The orc hits you from afar with a +0 trident.
You feel sick. The water moccasin bites you.
The orc hits you from afar with a +0 trident.
The orc hits you with a +0 flail. The water moccasin barely misses you.
Things that are here:
a +0 trident of venom; a +0 leather armour; an orc corpse Unknown command.
You are too injured to fight recklessly!
Unknown command.
You are too injured to fight recklessly!
You feel sick. The orc misses you.
Items here: )) [ †.
You feel sick. The water moccasin bites you.
You feel sick.
You feel sick.
You feel sick. The water moccasin bites you!
* * * LOW HITPOINT WARNING * * *
You are more poisoned.
The water moccasin poisons you!
There is a stone staircase leading up here.
You feel very sick.
The water moccasin bites you but does no damage.
The orc closely misses you.
You fly upwards.
Level annotation: Crazy Yiuf You feel very sick.
There is a stone staircase leading down here.
You feel yourself speed up.
You feel sick. The water moccasin bites you.
* * * LOW HITPOINT WARNING * * *
The orc hits you with a +0 flail.
* * * LOW HITPOINT WARNING * * *
The water moccasin bites you.
You die...

######## #......# #.####.#
############### #.# #.#
..............########.####.#
...............S@o..........#
...............#######..########
...............# #.........#
...............# #..###.#..#
............(..# #..# #.#..#
...............# #..###.#..#
...............#######........###
#################...............#
# #.####.######.###


You could see a water moccasin and an orc.

Vanquished Creatures
  A phantom (D:4)
  A jelly (D:4)
  An orc priest (D:4)
  A hound skeleton (D:4)
  An adder (D:4)
  A worm (D:4)
  5 orcs
  3 goblins (D:4)
14 creatures vanquished.

Notes
Turn   | Place    | Note
-------+----------+-------------------------------------------
     0 | D:5      | comborobin the Troll Delver began the quest for the Orb.
     0 | D:5      | Reached XP level 1. HP: 22/22 MP: 0/0
    18 | D:5      | Found a burning altar of Makhleb.
    61 | D:4      | Noticed a phantom
    97 | D:4      | Killed a phantom
    98 | D:4      | Reached skill level 4 in Unarmed Combat
    98 | D:4      | Reached XP level 2. HP: 21/29 MP: 1/1
    98 | D:4      | Reached XP level 3. HP: 27/36 MP: 2/2
    98 | D:4      | Reached XP level 4. HP: 33/44 MP: 3/3
   131 | D:4      | Found a glowing silver altar of Zin.
   210 | D:4      | Became a worshipper of Zin the Law-Giver
   269 | D:4      | Found an ancient bone altar of Kikubaaqudgha.
   272 | D:4      | Reached skill level 5 in Unarmed Combat
   668 | D:4      | Reached XP level 5. HP: 49/50 MP: 4/4
   827 | D:4      | Found a runed translucent door.
   828 | D:4      | Noticed Crazy Yiuf
   831 | D:4      | Identified the +7 mace of Rakes Moa {vorpal, rPois rN+
                  | Str+2}
  1033 | D:5      | Noticed a water moccasin
  1045 | D:4      | HP: 1/50 [orc (3)]
  1045 | D:4      | Slain by a water moccasin

Illustrated notes

Levels and vault maps discovered:
D:4:      layout_basic, zin_academy, mainiacjoe_overflow_alcove_1,
          uniq_crazy_yiuf_cottage
D:5:      layout_rooms, kennysheep_mini
D:6:      layout_gridville, gammafunk_temple_overflow_statue, minmay_bent

Skill      XL: |  1  2  3  4 |
---------------+-------------+-----
Unarmed Combat | 4 5 |  5.5
Fighting       | |  2.4
Dodging        | |  1.5
Stealth        | |  2.7

Action                   |  1- 3 |  4- 6 || total
-------------------------+-------+-------++-------
Melee: Unarmed           |    13 |    33 ||    46
       Punch             |       |     1 ||     1
       Mace              |       |     1 ||     1
  Use: Scroll            |     1 |       ||     1
       Potion            |       |     1 ||     1
 Stab: Sleeping          |       |     1 ||     1
Armor: Robe              |     1 |     7 ||     8
Dodge: Dodged            |     1 |    14 ||    15
